 Dungeon Crawl Stone Soup version 0.30-a0-394-g3e4acdb0ae (webtiles) character file.

Game seed: 7540273366244292751

3578 Ijustatesigmund the Conjurer (level 10, -3/60 HPs)
             Began as a Gargoyle Earth Elementalist on Dec 5, 2022.
             Was a Believer of Cheibriados.
             Slain by Psyche
             ... wielding a +0 dagger of distortion
              (13 damage)
             ... on level 9 of the Dungeon on Dec 6, 2022.
             The game lasted 00:22:15 (10068 turns).

Ijustatesigmund the Conjurer (GrEE)                Turns: 10068, Time: 00:22:15

Health: -3/60      AC: 14    Str: 15    XL:     10   Next: 10%
Magic:  12/20      EV: 12    Int: 25    God:    Cheibriados [**....]
Gold:   379        SH:  0    Dex: 14    Spells: 17/23 levels left

rFire   . . .      SeeInvis .    q - +2 mace (vorpal)
rCold   . . .      Faith    .    (no shield)
rNeg    + . .      Spirit   .    a - +1 robe
rPois   ∞          Reflect  .    x - +1 helmet
rElec   +          Harm     .    A - +1 cloak
rCorr   .          Rampage  .    (no gloves)
Will    +....                    (no boots)
Stlth   ++........               (no amulet)
HPRegen 0.30/turn                j - ring of flight
MPRegen 0.17/turn                s - ring of willpower

@: mighty, flying, very slow
A: sickness immunity, AC +7, negative energy resistance 1, electricity
resistance, torment resistance 1, petrification resistance
a: Renounce Religion, Bend Time


You were on level 9 of the Dungeon.
You worshipped Cheibriados.
Cheibriados was pleased with you.
You visited 2 branches of the dungeon, and saw 10 of its levels.
You also visited: Sewer.

You collected 379 gold pieces.

Inventory:

Hand Weapons
 c - a +1 flail
 q - a +2 vorpal mace (weapon)
Armour
 a - a +1 robe (worn)
 x - a +1 helmet (worn)
 A - a +1 cloak (worn)
Magical Staves
 k - a staff of cold
Jewellery
 j - a ring of flight (left hand)
 s - a ring of willpower (right hand)
Wands
 u - a wand of iceblast (8)
 v - a wand of flame (33)
Scrolls
 d - 5 scrolls of identify
 f - 3 scrolls of teleportation
 g - 3 scrolls of noise
 h - 3 scrolls of enchant armour
 m - 2 scrolls of enchant weapon
 t - 2 scrolls of fear
 w - 2 scrolls of blinking
 y - 2 scrolls of poison
 B - a scroll of immolation
 C - a scroll of magic mapping
Potions
 b - a potion of magic
 e - 3 potions of attraction
 i - a potion of mutation
 l - a potion of flight
 n - 2 potions of resistance
 o - 5 potions of curing
 p - 3 potions of might
 r - 2 potions of brilliance
 z - 3 potions of heal wounds


   Skills:
 + Level 5.8 Fighting
 + Level 0.7 Maces & Flails
 - Level 3.2 Armour
 - Level 1.5 Dodging
 - Level 2.1 Stealth
 + Level 7.0 Spellcasting
 + Level 7.6 Conjurations
 - Level 0.7 Transmutations
 - Level 7.1 Earth Magic
 + Level 5.3 Invocations
 + Level 1.1 Evocations


You had 17 spell levels left.
You knew the following spells:

 Your Spells              Type           Power      Damage    Failure   Level
a - Sandblast             Erth           88%        2d18      1%          1
b - Stone Arrow           Conj/Erth      90%        3d12      1%          3
c - Passwall              Tmut/Erth      23%        N/A       1%          2

Your spell library contained the following spells:

 Spells                   Type           Power      Damage    Failure   Level
 Hailstorm                Conj/Ice       27%        3d7       4%          3
 Ensorcelled Hibernation  Hex/Ice        16%        N/A       10%         2
 Petrify                  Tmut/Erth      28%        N/A       13%         4
 Spider Form              Tmut/Pois      10%        N/A       17%         3
 Frozen Ramparts          Ice            16%        1d3       21%         3
 Portal Projectile        Hex/Tloc       16%        N/A       21%         3
 Swiftness                Air            8%         N/A       21%         3
 Tukima's Dance           Hex            8%         N/A       21%         3
 Ice Form                 Ice/Tmut       10%        N/A       50%         4
 Anguish                  Hex/Necr       4%         N/A       54%         4
 Summon Ice Beast         Ice/Summ       8%         N/A       54%         4
 Blade Hands              Tmut           6%         N/A       80%         5
 Simulacrum               Ice/Necr       4%         N/A       100%        6


Dungeon Overview and Level Annotations

Branches:
Dungeon (9/15)             Temple (1/1) D:4           Sewer (visited)
   Lair: D:8-11         Orc: D:9-12

Altars:
Ashenzari
Cheibriados
Dithmenos
Elyvilon
Fedhas
Gozag
Hepliaklqana
Kikubaaqudgha
Makhleb
Okawaru
Qazlal
Sif Muna
Trog
Vehumet
Wu Jian
Xom
Yredelemnul
Zin
The Shining One

Annotations:
D:9 Psyche


Innate Abilities, Weirdness & Mutations

You are immune to sickness and miasma.
Your stone body is resilient. (AC +7)
You are immune to poison.
You resist negative energy. (rN+)
You are resistant to electric shocks. (rElec)
You are resistant to unholy torment.
You are immune to petrification.


Message History

Aiming: Passwall (safe; 1% risk of failure)
Press: ? - help, Dir - move target, f - you Please select a wall.
A stone staircase leading up.
Okay, then.
Unknown command.
Casting: Passwall (safe; 1% risk of failure)
Confirm with . or Enter, or press ? or * to list all spells.
You can't see any susceptible monsters within range! (Use Z to cast anyway.)
Casting: Passwall (safe; 1% risk of failure)
Confirm with . or Enter, or press ? or * to list all spells.
Aiming: Passwall (safe; 1% risk of failure)
Press: ? - help, Dir - move target, f - you Please select a wall.
A stone staircase leading up.
Okay, then.
Unknown command.
Unknown command.
Casting: Passwall (safe; 1% risk of failure)
Confirm with . or Enter, or press ? or * to list all spells.
You can't see any susceptible monsters within range! (Use Z to cast anyway.)
Casting: Passwall (safe; 1% risk of failure)
Confirm with . or Enter, or press ? or * to list all spells.
Aiming: Stone Arrow (safe; 1% risk of failure)
Press: ? - help, Shift-Dir - straight line Something hits you but does no damage.
Casting: Stone Arrow (safe; 1% risk of failure)
Confirm with . or Enter, or press ? or * to list all spells.
You can't see any susceptible monsters within range! (Use Z to cast anyway.)
Casting: Stone Arrow (safe; 1% risk of failure)
Confirm with . or Enter, or press ? or * to list all spells.
Aiming: Stone Arrow (safe; 1% risk of failure)
Press: ? - help, Shift-Dir - straight line Something hits you but does no damage.
You feel very mighty all of a sudden. Something hits you but does no damage.
Space warps around you.
You miss something. Something hits you. Space warps horribly around you!!
* * * LOW HITPOINT WARNING * * *
Something hits you.
* * * LOW HITPOINT WARNING * * *
Space warps horribly around you!
You die...

#.. # #.. .
.. ## ###
#... .#...
#.#. .#.#
... ...
#.#{#.####..
#...@.......
##########..


There were no monsters in sight!

Vanquished Creatures
  2 dream sheep (D:8)
  5 yaks (D:8)
  Duvessa (D:5)
  A black bear (D:6)
  3 ogres
  A kobold brigand (D:8)
  2 bullfrogs
  A gnoll sergeant (D:5)
  A necrophage (D:6)
  A scorpion (D:5)
  19 wights
  Dowan (D:5)
  An electric eel (D:7)
  2 hounds
  A jelly (D:8)
  3 orc priests (D:5)
  A gnoll bouda (D:8)
  An iguana (D:6)
  2 orc wizards
  Ijyb (D:5)
  Robin (D:4)
  6 gnolls
  12 adders
  3 river rats
  2 white imps
  2 worms (Sewer)
  2 dart slugs
  16 orcs
  5 bats
  9 endoplasms
  13 goblins
  9 hobgoblins
  7 jackals
  A quokka (D:2)
  11 ball pythons
  2 frilled lizards
  21 kobolds
  8 rats
180 creatures vanquished.

Vanquished Creatures (others)
  A human (D:5)
  A fungus (D:5)
  2 plants (D:5)
4 creatures vanquished.

Grand Total: 184 creatures vanquished

Notes
Turn   | Place    | Note
-------+----------+-------------------------------------------
     0 | D:1      | Ijustatesigmund the Gargoyle Earth Elementalist began the
                  | quest for the Orb.
     0 | D:1      | Reached XP level 1. HP: 10/10 MP: 3/3
   109 | D:1      | Reached XP level 2. HP: 16/16 MP: 1/5
   201 | D:1      | Reached skill level 1 in Fighting
   728 | D:2      | Found a bloodstained altar of Trog.
   796 | D:2      | Reached XP level 3. HP: 12/20 MP: 4/6
   847 | D:2      | Learned a level 3 spell: Stone Arrow
  1445 | D:2      | Reached XP level 4. HP: 21/25 MP: 2/8
  1449 | D:3      | Reached skill level 1 in Conjurations
  2567 | D:3      | Found an ornate altar of the Wu Jian Council.
  2994 | D:3      | Found a radiant altar of Vehumet.
  3119 | D:4      | Noticed an ogre
  3124 | D:4      | Killed an ogre
  3125 | D:4      | Reached skill level 5 in Earth Magic
  3125 | D:4      | Reached XP level 5. HP: 14/29 MP: 1/10
  3340 | D:4      | Noticed Robin
  3364 | D:4      | Reached XP level 6. HP: 9/34 MP: 7/11
  3375 | D:4      | Found a staircase to the Ecumenical Temple.
  3459 | D:4      | Killed Robin
  3587 | D:4      | Found a glowing drain.
  3606 | Sewer    | Entered a sewer
  4315 | D:5      | Entered Level 5 of the Dungeon
  4327 | D:5      | Reached XP level 7. HP: 38/38 MP: 7/13
  4397 | D:5      | Found a stormy altar of Qazlal.
  4397 | D:5      | Found a blossoming altar of Fedhas.
  4521 | D:5      | Found a shimmering altar of Xom.
  4576 | D:5      | Noticed Ijyb
  4583 | D:5      | Noticed Duvessa
  4589 | D:5      | Noticed Dowan
  4591 | D:5      | Killed Ijyb
  4925 | D:5      | Killed Duvessa
  4950 | D:5      | Killed Dowan
  5242 | D:5      | Reached skill level 5 in Spellcasting
  5242 | D:5      | Reached XP level 8. HP: 43/43 MP: 5/15
  5243 | D:5      | Reached skill level 5 in Conjurations
  5248 | D:5      | Learned a level 2 spell: Passwall
  5482 | D:5      | Found an ancient bone altar of Kikubaaqudgha.
  5571 | Temple   | Entered the Ecumenical Temple
  5730 | Temple   | Became a worshipper of Cheibriados the Contemplative
  6167 | D:6      | Reached skill level 1 in Invocations
  6871 | D:6      | Found a glowing silver altar of Zin.
  7702 | D:7      | Reached XP level 9. HP: 51/52 MP: 0/18
  7811 | D:7      | Reached * piety under Cheibriados
  7956 | D:7      | Upgraded the game from 0.30-a0-393-g54b8e3be05 to
                  | 0.30-a0-394-g3e4acdb0ae
  8088 | D:8      | Found a broken altar of Ashenzari.
  8310 | D:8      | Reached skill level 1 in Armour
  8664 | D:8      | Reached skill level 5 in Fighting
  8708 | D:8      | Reached skill level 5 in Invocations
  9027 | D:8      | Reached XP level 10. HP: 60/60 MP: 4/20
  9372 | D:7      | Reached ** piety under Cheibriados
  9455 | D:7      | Reached skill level 1 in Evocations
  9604 | D:7      | Found a shadowy altar of Dithmenos.
  9892 | D:7      | Found a bloodstained altar of Trog.
 10062 | D:9      | Noticed Psyche
 10068 | D:9      | Slain by Psyche

Illustrated notes

Levels and vault maps discovered:
D:1:      spicycebolla_arrival_risky_transporter, layout_rooms
D:2:      layout_rooms, basic_altar, minmay_misc_feat_square
D:3:      layout_basic, nicolae_vehumet_altar_sigil,
          nicolae_wu_jian_immortal_techniques, st_stairs_13
D:4:      layout_cave_pools, minmay_temple_entry_hall, portal_sewer_entry_b,
          uniq_robin
D:5:      layout_loops_ring, tgw_kikubaaqudgha, old_standard_altar,
          grunt_temple_overflow_forces_of_nature, kennysheep_generic_room_7,
          uniq_ijyb, uniq_duvessa
D:6:      layout_cave_pods, zin_statuary
D:7:      layout_loops_cross, lemuel_doored_altar, lightli_temple_of_fire,
          kennysheep_boxes
D:8:      layout_loops_ring, ashenzari_altar_1, dreamdust_gnoll_shepherd
D:9:      layout_loops_ring, dancing_weapons_uskayaw, uniq_psyche
Temple:   grunt_temple_mini_profane

Skill      XL: |  1  2  3  4  5  6  7  8  9 10 |
---------------+-------------------------------+-----
Fighting       | 1 3 5 |  5.8
Earth Magic    | 4 5 6 7 |  7.1
Conjurations   | 2 3 4 6 7 |  7.6
Spellcasting   | 3 4 5 6 7 |  7.0
Invocations    | 3 5 |  5.3
Armour         | 3 |  3.2
Evocations     | 1 |  1.1
Maces & Flails | |  0.7
Dodging        | |  1.5
Stealth        | |  2.1
Transmutations | |  0.7

Action                   |  1- 3 |  4- 6 |  7- 9 | 10-12 || total
-------------------------+-------+-------+-------+-------++-------
Melee: Spear             |    12 |    80 |   106 |       ||   198
       Flail             |    11 |       |       |       ||    11
       Punch             |       |       |     2 |       ||     2
       Mace              |       |       |       |     2 ||     2
 Cast: Sandblast         |    31 |    72 |    25 |     3 ||   131
       Stone Arrow       |     1 |     9 |    84 |    14 ||   108
Evoke: Wand              |       |       |     1 |     3 ||     4
  Use: Scroll            |       |    15 |    10 |     2 ||    27
       Potion            |       |     2 |     5 |     1 ||     8
 Stab: Sleeping          |       |     4 |       |     1 ||     5
Armor: Robe              |    12 |    52 |    51 |     5 ||   120
Dodge: Dodged            |    31 |    95 |    78 |     1 ||   205

Table legend: (Time is in decaauts)
 A = Elapsed time spent in this place.
 B = Non-inter-level travel time spent in this place.
 C = Inter-level travel time spent in this place.
 D = Time resting spent in this place.
 E = Time spent auto-exploring this place.
 F = Levels seen in this place.
 G = Mean time per level.
                   A        B        C        D        E       F      G
               +--------+--------+--------+--------+--------+-----+--------+
         Total |  10863 |  10407 |    456 |   2862 |   6138 |  11 |  987.5 |
       Dungeon |  10151 |   9741 |    410 |   2857 |   5612 |   9 | 1127.9 |
        Temple |    235 |    189 |     46 |      0 |    175 |   1 |  235.0 |
         Sewer |    477 |    477 |      0 |      5 |    350 |   1 |  477.0 |
               +--------+--------+--------+--------+--------+-----+--------+

Top non-repeatable levels by time:
     D:6: 2059 daAuts
     D:8: 1588 daAuts
     D:3: 1367 daAuts
     D:7: 1310 daAuts
     D:2: 1155 daAuts
     D:4: 1045 daAuts
     D:5: 990 daAuts
     D:1: 628 daAuts
   Sewer: 477 daAuts
  Temple: 235 daAuts
     D:9: 6 daAuts
